AoeStats
← kkkg

Arena

506398413Analyzed
1v1 RM · 19d ago on Sep 13, 2026· 46m 5s· 2 players
Game mode
Random Map
Map size
Tiny (2 player)
Population
200
Speed
Normal
Resources
Standard
Victory
Conquest
Starting age
Dark Age
Ending age
Imperial Age
RankedLock teamsTeams togetherTeam positionsShared explorationLock speedFull tech treeHidden civsTurbo modeCheats
Victory
Defeat
🇨🇳 Burgundians · China
920
+16
🇮🇹 Wei · Italy
915
-16
robynifft23
11:18 Feudal Age
12:46 Horse Collar
13:12 Double-Bit Axe
15:50 Castle Age
16:10 Gold Mining
16:13 Stone Mining
16:19 Fletching
17:13 Wheelbarrow
17:20 Town Watch
17:21 Loom
17:56 Bow Saw
18:56 Heavy Plow
20:05 Bodkin Arrow
22:01 Husbandry
22:54 Fervor
24:58 Bloodlines
26:43 Thumb Ring
26:47 Scale Barding Armor
30:13 Gold Shaft Mining
30:27 Hand Cart
31:35 Town Patrol
35:40 Imperial Age
33:50 Squires
33:17 Pikeman
33:58 Scale Mail Armor
34:08 Forging
34:10 Tuntian
36:32 Chain Barding Armor
37:05 Ballistics
36:22 Heavy Hei Guang Cavalry
37:44 Iron Casting
37:55 Conscription
38:38 Crop Rotation
38:40 Block Printing
38:57 Parthian Tactics
38:34 Bracer
41:18 Halberdier
42:25 Chain Mail Armor
41:39 Light Cavalry
44:30 Blast Furnace
44:57 Theocracy
44:48 Illumination
45:25 Padded Archer Armor
46:06 Sanctity
45:42 Hussar
kkkg
4:09 Double-Bit Axe
10:38 Horse Collar
13:21 Feudal Age
14:53 Bow Saw
14:46 Heavy Plow
17:14 Castle Age
19:38 Two-Man Saw
19:04 Forging
20:46 Gold Mining
21:23 Light Cavalry
22:28 Husbandry
25:04 Crop Rotation
25:34 Wheelbarrow
26:30 Gold Shaft Mining
25:46 Stone Mining
26:59 Hand Cart
29:14 Scale Barding Armor
29:19 Forging
29:00 Fletching
29:11 Padded Archer Armor
29:32 Treadmill Crane
33:05 Imperial Age
31:03 Chain Barding Armor
31:33 Stone Shaft Mining
31:47 Ballistics
31:37 Masonry
31:44 Town Watch
31:45 Loom
32:17 Bodkin Arrow
32:38 Leather Archer Armor
32:59 Iron Casting
31:50 Elite Skirmisher
33:27 Burgundian Vineyards
34:15 Conscription
33:18 Elite Coustillier
34:35 Hoardings
34:40 Bracer
35:21 Plate Barding Armor
36:42 Blast Furnace
37:48 Chemistry
38:30 Architecture
Connection lost

Rejoining the realm…

Still unreachable

The connection could not be restored.

Session expired

The server has moved on; the page needs a fresh start.